Map: Chain of Ascension

Players

Stan

  • Race: Terran Terran
  • Spawn Location: 11:00

Hunter

  • Race: Protoss Protoss
  • League: Diamond
  • Spawn Location: 11:00

VOD

Have the link to the VOD?

Description

Time

  • Played on: March 18, 2019, 7:23 p.m.
  • Length: 22:59
Show
View Real Time Build Order
Export as new Build Order

Stan Terran 

Build Orders:  

Get SALT Encoding   

Show
View Real Time Build Order
Export as new Build Order

Hunter Protoss 

Build Orders:  

Get SALT Encoding   

  12  0:05  Probe (Chrono Boost)  
  13  0:19  Probe (Chrono Boost)  
  14  0:33  Probe (Chrono Boost)  
  15  1:06  Zoraya Legion  
  15  1:40  Ancient Nexus  
  15  1:55  Xel'Naga Passageway  
  15  1:58  Probe (Chrono Boost)  
  16  2:12  Probe (Chrono Boost)  
  17  2:26  Probe (Chrono Boost)  
  18  2:40  Probe (Chrono Boost)  
  19  2:54  Probe (Chrono Boost)  
  20  3:00  Core Forge  
  20  3:08  Probe (Chrono Boost)  
  21  3:21  Probe (Chrono Boost)  
  21  3:24  Probe (Chrono Boost)  
  23  3:35  Probe (Chrono Boost)  
  23  3:38  Probe (Chrono Boost)  
  25  3:49  Probe (Chrono Boost)  
  25  3:51  Constructs Facility  
  25  3:54  Probe (Chrono Boost)  
  25  3:56  Zoraya Legion  
  27  4:03  Probe (Chrono Boost)  
  28  4:22  Probe (Chrono Boost)  
  28  4:30  Probe (Chrono Boost)  
  28  4:36  Probe (Chrono Boost)  
  29  4:44  Probe (Chrono Boost)  
  30  4:50  Probe (Chrono Boost)  
  30  4:57  Probe (Chrono Boost)  
  30  4:58  Xel'Naga Watcher  
  30  4:59  Constructs Bay  
  32  5:03  Probe (Chrono Boost)  
  33  5:11  Probe (Chrono Boost)  
  33  5:13  Xel'Naga Watcher  
  33  5:17  Probe (Chrono Boost)  
  35  5:25  Probe (Chrono Boost)  
  35  5:27  Xel'Naga Watcher  
  36  5:31  Probe (Chrono Boost)  
  39  5:53  Xel'Naga Shieldguard  
  39  5:55  Tesseract Cannon x2  
  39  5:58  Tesseract Cannon  
  38  6:09  Tesseract Cannon  
  38  6:12  Xel'Naga Shieldguard  
  39  6:30  Xel'Naga Shieldguard  
  39  6:37  Tesseract Cannon  
  40  6:47  Xel'Naga Shieldguard  
  41  6:57  Tesseract Cannon  
  41  7:08  Tesseract Cannon  
  41  7:11  Tesseract Cannon  
  41  7:14  Tesseract Cannon  
  41  7:21  Xel'Naga Watcher  
  41  7:32  Zoraya Legion  
  41  7:33  Xel'Naga Watcher  
  41  7:48  Xel'Naga Shieldguard  
  41  7:51  Tesseract Cannon  
  42  8:26  Tesseract Cannon  
  42  8:28  Tesseract Cannon  
  42  8:29  Tesseract Cannon  
  42  9:09  Xel'Naga Shieldguard  
  42  9:10  Tesseract Cannon  
  42  9:13  Tesseract Cannon  
  42  9:16  Tesseract Cannon, Xel'Naga Watcher  
  43  9:24  Xel'Naga Watcher, Xel'Naga Shieldguard  
  44  9:36  Xel'Naga Watcher  
  44  9:39  Tesseract Cannon, Xel'Naga Shieldguard  
  44  9:41  Tesseract Cannon  
  44  9:48  Xel'Naga Watcher  
  45  9:56  Xel'Naga Shieldguard  
  46  10:00  Tesseract Cannon  
  46  10:07  Xel'Naga Watcher  
  46  10:22  Xel'Naga Shieldguard  
  46  10:24  Tesseract Cannon  
  46  10:27  Tesseract Cannon  
  47  10:54  Tesseract Cannon  
  47  10:57  Tesseract Cannon  
  47  11:07  Xel'Naga Watcher  
  47  11:14  Tesseract Cannon, Xel'Naga Shieldguard  
  47  11:19  Xel'Naga Watcher  
  48  11:39  Tesseract Cannon x2  
  48  11:52  Zoraya Legion  
  48  12:08  Tesseract Cannon  
  48  12:17  Tesseract Cannon  
  48  12:45  Xel'Naga Watcher  
  48  12:55  Xel'Naga Shieldguard  
  48  12:57  Xel'Naga Watcher  
  48  12:58  Tesseract Cannon  
  49  13:01  Tesseract Cannon  
  49  13:10  Xel'Naga Shieldguard  
  49  13:17  Tesseract Cannon  
  49  13:18  Tesseract Cannon  
  50  13:28  Xel'Naga Watcher  
  50  13:40  Xel'Naga Watcher  
  50  13:49  Tesseract Cannon  
  50  13:51  Tesseract Cannon  
  50  14:01  Zoraya Legion  
  50  14:24  Xel'Naga Shieldguard  
  50  14:27  Tesseract Cannon  
  51  14:32  Tesseract Cannon  
  51  14:59  Tesseract Cannon  
  51  15:01  Tesseract Cannon  
  51  15:06  Tesseract Cannon  
  51  15:35  Tesseract Cannon  
  51  15:59  Xel'Naga Watcher  
  51  16:02  Zoraya Legion  
  51  16:05  Xel'Naga Shieldguard  
  51  16:07  Tesseract Cannon  
  51  16:08  Xel'Naga Watcher  
  52  16:20  Xel'Naga Watcher, Xel'Naga Shieldguard  
  53  16:32  Tesseract Cannon  
  53  16:35  Tesseract Cannon  
  53  16:38  Tesseract Cannon  
  53  17:36  Tesseract Cannon  
  53  17:38  Tesseract Cannon  
  53  17:40  Tesseract Cannon  
  53  17:41  Tesseract Cannon  
  53  17:57  Tesseract Cannon  
  53  17:59  Tesseract Cannon  
  53  18:04  Zoraya Legion  
  53  18:16  Xel'Naga Watcher  
  53  18:19  Tesseract Cannon  
  53  18:34  Xel'Naga Shieldguard  
  54  18:40  Tesseract Cannon  
  54  18:49  Xel'Naga Shieldguard  
  55  19:02  Xel'Naga Watcher  
  55  19:25  Tesseract Cannon  
  55  19:27  Xel'Naga Watcher  
  55  19:29  Tesseract Cannon  
  55  19:32  Tesseract Cannon  
  55  19:34  Tesseract Cannon  
  55  19:38  Xel'Naga Watcher  
  55  19:39  Xel'Naga Watcher  
  55  19:50  Tesseract Cannon  
  55  19:51  Xel'Naga Watcher  
  55  20:03  Xel'Naga Watcher  
  55  20:16  Xel'Naga Watcher  
  55  20:21  Zoraya Legion  
  55  20:28  Xel'Naga Watcher  
  55  20:49  Probe (Chrono Boost)  
  56  20:54  Tesseract Cannon  
  56  20:56  Tesseract Cannon  
  56  20:57  Tesseract Cannon  
  56  20:59  Tesseract Cannon  
  56  22:01  Tesseract Cannon  
  56  22:03  Tesseract Cannon  
  56  22:05  Tesseract Cannon  
  56  22:07  Tesseract Cannon  
  56  22:37  Tesseract Cannon  
Tags
 
Add a new tag
Caveats
  • Supply blocks, unpowered buildings, or Contaminate may cause inaccurate times.
  • Supply counts are checked every 10 seconds.